TOP OF THE 1ST |
Los Angeles (NYP) Angels batting - Pitching for Vancouver Canadians : RHP Eric Bessire
|
Pitching: RHP Eric Bessire
|
|
Batting: RHB Khalil Thurston
|
0-0: Ball 1-0: SINGLE (Groundball, 56D, EV 94.4 MPH)
|
Batting: RHB Arnaud Derosiers
|
0-0: Ball 1-0: Foul Ball, location: 2F 1-1: Fly out, F5 (Line Drive, 5, EV 68.8 MPH)
|
Batting: RHB Dean LeCroy
|
0-0: Ball Khalil Thurston is caught stealing 2nd base 2-4 1-0: Called Strike 1-1: Ball 2-1: Foul Ball, location: 2F 2-2: Foul Ball, location: 2F 2-2: DOUBLE (Line Drive, 3D, EV 95.0 MPH)
|
Batting: LHB Bill Girton
|
0-0: Fly out, F9 (Flyball, 9, EV 95.0 MPH)
|
Top of the 1st over - 0 runs, 2 hits, 0 errors, 1 left on base; Los Angeles (NYP) 0 - Vancouver 0 |
BOTTOM OF THE 1ST |
Vancouver Canadians batting - Pitching for Los Angeles (NYP) Angels : LHP Si-hun Yi
|
Pitching: LHP Si-hun Yi
|
|
Batting: RHB Yojiro Hayashi
|
0-0: Ball 1-0: DOUBLE (Flyball, 89XD, EV 115.0 MPH)
|
Batting: RHB Jorge Cruz
|
0-0: Ball 1-0: Ball 2-0: Swinging Strike 2-1: Called Strike 2-2: Ball 3-2: Foul Ball, location: 2F 3-2: SINGLE (Groundball, 4MD, EV 103.1 MPH) (infield hit) Yojiro Hayashi to third
|
Batting: RHB Terry Plumley
|
0-0: Ball Jorge Cruz is caught stealing 2nd base 2-4 1-0: Ball 2-0: Swinging Strike 2-1: Ball 3-1: Swinging Strike 3-2: Base on Balls
|
Batting: RHB Akira Kubo
|
0-0: Foul Ball, location: 2F 0-1: Ball 1-1: Ball 2-1: SINGLE (Line Drive, 7LS, EV 108.1 MPH) Yojiro Hayashi scores Terry Plumley to second
|
Batting: LHB Chris Munguia
|
0-0: Ball 1-0: Called Strike 1-1: Ball 2-1: Ball 3-1: Called Strike 3-2: Fielders Choice at 2nd, 3-6 (Groundball, 34, EV 82.5 MPH) Terry Plumley to third
|
Batting: RHB John Rios
|
0-0: Called Strike Chris Munguia is caught stealing 2nd base 2-4
|
Bottom of the 1st over - 1 run, 3 hits, 0 errors, 1 left on base; Los Angeles (NYP) 0 - Vancouver 1 |
TOP OF THE 2ND |
Los Angeles (NYP) Angels batting - Pitching for Vancouver Canadians : RHP Eric Bessire
|
Batting: RHB Aaron Bryant
|
0-0: Called Strike 0-1: Ball 1-1: Fly out, F9 (Flyball, 9S, EV 88.8 MPH)
|
Batting: SHB Yuya Hirata
|
0-0: DOUBLE (Line Drive, 89M, EV 97.5 MPH)
|
Batting: RHB Wilford Harper
|
0-0: Foul Ball, location: 2F 0-1: Called Strike 0-2: Hit by Pitch
|
Batting: RHB David Rhodes
|
0-0: Ball 1-0: Fielders Choice at 2nd, 6-4 (Groundball, 6, EV 83.8 MPH) Yuya Hirata to third
|
Batting: RHB Ron Major
|
0-0: Ball 1-0: SINGLE (Line Drive, 4MD, EV 93.8 MPH) Yuya Hirata scores David Rhodes to second
|
Batting: RHB Khalil Thurston
|
0-0: Ball 1-0: Foul Ball, location: 2F 1-1: Ball 2-1: Foul Ball, location: 2F 2-2: Strikes out looking
|
Top of the 2nd over - 1 run, 2 hits, 0 errors, 2 left on base; Los Angeles (NYP) 1 - Vancouver 1 |
BOTTOM OF THE 2ND |
Vancouver Canadians batting - Pitching for Los Angeles (NYP) Angels : LHP Si-hun Yi
|
Batting: RHB John Rios
|
0-0: Called Strike 0-1: Swinging Strike 0-2: Ball 1-2: Ball 2-2: Hit by Pitch
|
Batting: RHB Dan Hilyer
|
0-0: Fielders Choice at 2nd, 3-6 (Groundball, 34, EV 83.8 MPH)
|
Batting: RHB Luis Reyes
|
0-0: Ball Dan Hilyer steals 2nd base 1-0: Fly out, F4 (Line Drive, 4M, EV 70.6 MPH)
|
Batting: RHB Jorge Alva
|
0-0: SINGLE (Groundball, 56D, EV 100.6 MPH) Dan Hilyer to third Runner from 3rd tries for Home, SAFE, throw by LF to home Jorge Alva to second
|
Batting: RHB Yojiro Hayashi
|
0-0: Called Strike 0-1: Ball 1-1: Ground out 5-3 (Groundball, 56S, EV 84.4 MPH)
|
Bottom of the 2nd over - 1 run, 1 hit, 0 errors, 1 left on base; Los Angeles (NYP) 1 - Vancouver 2 |
TOP OF THE 3RD |
Los Angeles (NYP) Angels batting - Pitching for Vancouver Canadians : RHP Eric Bessire
|
Batting: RHB Arnaud Derosiers
|
0-0: Ball 1-0: Ball 2-0: SINGLE (Line Drive, 7LS, EV 91.9 MPH)
|
Batting: RHB Dean LeCroy
|
0-0: Swinging Strike 0-1: Foul Ball, location: 2F 0-2: Strikes out swinging
|
Batting: LHB Bill Girton
|
0-0: Fielders Choice at 2nd, 4-6 (Groundball, 4, EV 78.8 MPH)
|
Batting: RHB Aaron Bryant
|
0-0: Ball 1-0: Called Strike Bill Girton is caught stealing 2nd base 2-4
|
Top of the 3rd over - 0 runs, 1 hit, 0 errors, 0 left on base; Los Angeles (NYP) 1 - Vancouver 2 |
BOTTOM OF THE 3RD |
Vancouver Canadians batting - Pitching for Los Angeles (NYP) Angels : LHP Si-hun Yi
|
Batting: RHB Jorge Cruz
|
0-0: Ground out 4-3 (Groundball, 4, EV 101.9 MPH)
|
Batting: RHB Terry Plumley
|
0-0: Ball 1-0: Ball 2-0: Called Strike 2-1: Fly out, F7 (Flyball, 78M, EV 81.2 MPH)
|
Batting: RHB Akira Kubo
|
0-0: Called Strike 0-1: Ball 1-1: DOUBLE (Flyball, 8LXD, EV 98.1 MPH)
|
Batting: LHB Chris Munguia
|
0-0: Foul Ball, location: 2F 0-1: Ball 1-1: Ball 2-1: Ball 3-1: Called Strike 3-2: Foul Ball, location: 2F 3-2: Base on Balls
|
Batting: RHB John Rios
|
0-0: Ball 1-0: Ball 2-0: Ball 3-0: Base on Balls Akira Kubo to third Chris Munguia to second
|
Batting: RHB Dan Hilyer
|
0-0: Foul Ball, location: 2F 0-1: Swinging Strike 0-2: Ball 1-2: Ball 2-2: Ball 3-2: Hit by Pitch Akira Kubo scores Chris Munguia to third John Rios to second
|
Batting: RHB Luis Reyes
|
0-0: Foul Ball, location: 2F 0-1: Ball 1-1: Foul Ball, location: 2F 1-2: Ball 2-2: Strikes out swinging
|
Bottom of the 3rd over - 1 run, 1 hit, 0 errors, 3 left on base; Los Angeles (NYP) 1 - Vancouver 3 |
TOP OF THE 4TH |
Los Angeles (NYP) Angels batting - Pitching for Vancouver Canadians : RHP Eric Bessire
|
Batting: RHB Aaron Bryant
|
0-0: Called Strike 0-1: Ball 1-1: Ground out U3 (Groundball, 34S, EV 90.0 MPH)
|
Batting: SHB Yuya Hirata
|
0-0: Swinging Strike 0-1: Ball 1-1: Ball 2-1: Foul Ball, location: 2F 2-2: Ball 3-2: Strikes out swinging
|
Batting: RHB Wilford Harper
|
0-0: Called Strike 0-1: Ball 1-1: SINGLE (Line Drive, 7S, EV 103.1 MPH)
|
Batting: RHB David Rhodes
|
0-0: Ball 1-0: Called Strike 1-1: Foul Ball, location: 2F 1-2: Ball 2-2: Strikes out swinging
|
Top of the 4th over - 0 runs, 1 hit, 0 errors, 1 left on base; Los Angeles (NYP) 1 - Vancouver 3 |
BOTTOM OF THE 4TH |
Vancouver Canadians batting - Pitching for Los Angeles (NYP) Angels : LHP Si-hun Yi
|
Batting: RHB Jorge Alva
|
0-0: Fly out, F5 (Line Drive, 5, EV 61.9 MPH)
|
Batting: RHB Yojiro Hayashi
|
0-0: DOUBLE (Flyball, 78D, EV 109.4 MPH)
|
Batting: RHB Jorge Cruz
|
0-0: Ball Yojiro Hayashi steals 3rd base 1-0: Ball 2-0: Ball 3-0: Base on Balls
|
Batting: RHB Terry Plumley
|
0-0: Ball Jorge Cruz steals 2nd base 1-0: Fly out, F9 (Flyball, 89S, EV 78.1 MPH)
|
Pitching: LHP Paul Griffin
|
|
Batting: RHB Akira Kubo
|
0-0: SINGLE (Line Drive, 9S, EV 96.2 MPH) Yojiro Hayashi scores Jorge Cruz to third Runner from 3rd tries for Home, SAFE, throw by RF to home
|
Batting: LHB Chris Munguia
|
0-0: Ball 1-0: Foul Ball, location: 2F 1-1: Foul Ball, location: 2F 1-2: Ball 2-2: Ball 3-2: Base on Balls Akira Kubo to second
|
Batting: RHB John Rios
|
0-0: Ground out 6-3 (Groundball, 6S, EV 80.6 MPH)
|
Bottom of the 4th over - 2 runs, 2 hits, 0 errors, 2 left on base; Los Angeles (NYP) 1 - Vancouver 5 |
TOP OF THE 5TH |
Los Angeles (NYP) Angels batting - Pitching for Vancouver Canadians : RHP Eric Bessire
|
Batting: RHB Ron Major
|
0-0: Called Strike 0-1: Ground out 2-3 (Groundball, 13S, EV 67.5 MPH)
|
Batting: RHB Khalil Thurston
|
0-0: Ball 1-0: Ball 2-0: Ball 3-0: Called Strike 3-1: Swinging Strike 3-2: Ground out 6-3 (Groundball, 6, EV 88.8 MPH)
|
Batting: RHB Arnaud Derosiers
|
0-0: Ball 1-0: Foul Ball, location: 2F 1-1: Swinging Strike 1-2: Foul Ball, location: 2F 1-2: Ground out 5-3 (Groundball, 56, EV 105.6 MPH)
|
Top of the 5th over - 0 runs, 0 hits, 0 errors, 0 left on base; Los Angeles (NYP) 1 - Vancouver 5 |
BOTTOM OF THE 5TH |
Vancouver Canadians batting - Pitching for Los Angeles (NYP) Angels : LHP Paul Griffin
|
Batting: RHB Dan Hilyer
|
0-0: Swinging Strike 0-1: Ground out 6-3 (Groundball, 6, EV 104.4 MPH)
|
Batting: RHB Luis Reyes
|
0-0: Called Strike 0-1: Ball 1-1: Swinging Strike 1-2: SINGLE (Groundball, 56, EV 96.2 MPH)
|
Batting: RHB Jorge Alva
|
0-0: Called Strike 0-1: Ball 1-1: Called Strike 1-2: Strikes out swinging
|
Batting: RHB Yojiro Hayashi
|
0-0: Called Strike 0-1: SINGLE (Groundball, 34D, EV 93.8 MPH) Luis Reyes to second Runner from 2nd tries for 3rd, OUT! 9-5
|
Bottom of the 5th over - 0 runs, 2 hits, 0 errors, 1 left on base; Los Angeles (NYP) 1 - Vancouver 5 |
TOP OF THE 6TH |
Los Angeles (NYP) Angels batting - Pitching for Vancouver Canadians : RHP Eric Bessire
|
Batting: RHB Dean LeCroy
|
0-0: Swinging Strike 0-1: Swinging Strike 0-2: Strikes out swinging
|
Batting: LHB Bill Girton
|
0-0: Called Strike 0-1: Called Strike 0-2: Strikes out swinging
|
Batting: RHB Aaron Bryant
|
0-0: Called Strike 0-1: Swinging Strike 0-2: Hit by Pitch
|
Batting: SHB Yuya Hirata
|
0-0: Swinging Strike 0-1: Ball Wild Pitch! Aaron Bryant to second 1-1: Foul Ball, location: 2F 1-2: Ball 2-2: Strikes out swinging
|
Top of the 6th over - 0 runs, 0 hits, 0 errors, 1 left on base; Los Angeles (NYP) 1 - Vancouver 5 |
BOTTOM OF THE 6TH |
Vancouver Canadians batting - Pitching for Los Angeles (NYP) Angels : LHP Paul Griffin
|
Batting: RHB Jorge Cruz
|
0-0: Ball 1-0: Ball 2-0: SINGLE (Groundball, 6M, EV 102.5 MPH)
|
Batting: RHB Terry Plumley
|
0-0: Ball 1-0: Fly out, F8 (Flyball, 78XD, EV 100.0 MPH)
|
Batting: RHB Akira Kubo
|
0-0: Called Strike 0-1: Ball Jorge Cruz steals 2nd base 1-1: Ball 2-1: SINGLE (Flyball, 4D, EV 88.1 MPH) Jorge Cruz to third
|
Batting: LHB Chris Munguia
|
0-0: Ball 1-0: Called Strike 1-1: SINGLE (Groundball, 6S, EV 70.6 MPH) (infield hit) Jorge Cruz scores Akira Kubo to second
|
Batting: RHB John Rios
|
0-0: Ball 1-0: Ball 2-0: Called Strike 2-1: Foul Ball, location: 2F 2-2: SINGLE (Groundball, 4MD, EV 99.4 MPH) Akira Kubo to third Chris Munguia to second
|
Batting: RHB Dan Hilyer
|
0-0: Called Strike 0-1: Ball 1-1: Grounds into double play, 4-6-3 (Groundball, 4, EV 100.6 MPH)
|
Bottom of the 6th over - 1 run, 4 hits, 0 errors, 2 left on base; Los Angeles (NYP) 1 - Vancouver 6 |
TOP OF THE 7TH |
Los Angeles (NYP) Angels batting - Pitching for Vancouver Canadians : RHP Eric Bessire
|
Now at 1B: Rodrigo Briceno
|
|
Now at 3B: Jamie Ogilvie
|
|
Now at SS: Luis Reyes
|
|
Now in LF: Dan Hilyer
|
|
Now in RF: Tony Vitela
|
|
Batting: RHB Wilford Harper
|
0-0: Ground out 6-3 (Groundball, 6, EV 84.4 MPH)
|
Batting: RHB David Rhodes
|
0-0: Foul Ball, location: 2F 0-1: Called Strike 0-2: Ball 1-2: Ball 2-2: Ball 3-2: Base on Balls
|
Batting: RHB Ron Major
|
0-0: Called Strike 0-1: Foul Ball, location: 2F 0-2: Strikes out looking
|
Pitching: RHP Kenishi Tanaka
|
|
Now at 2B: Jamie Ogilvie
|
|
Now at 3B: Selam Chimsima
|
|
Now in LF: Luis Gomez
|
|
Now in CF: Dan Hilyer
|
|
Batting: RHB Khalil Thurston
|
0-0: Ball 1-0: Called Strike David Rhodes steals 2nd base (no throw) 1-1: Called Strike 1-2: Foul Ball, location: 2F 1-2: SINGLE (Groundball, 56D, EV 110.0 MPH) David Rhodes to third Runner from 3rd tries for Home, throw by LF and OUT! 7-2
|
Top of the 7th over - 0 runs, 1 hit, 0 errors, 1 left on base; Los Angeles (NYP) 1 - Vancouver 6 |
BOTTOM OF THE 7TH |
Vancouver Canadians batting - Pitching for Los Angeles (NYP) Angels : LHP Paul Griffin
|
Batting: RHB Luis Reyes
|
0-0: Called Strike 0-1: Ball 1-1: Ball 2-1: Called Strike 2-2: Ball 3-2: Base on Balls
|
Pitching: RHP Troy Ingram
|
|
Batting: RHB Luis Gomez
|
0-0: Ball 1-0: Swinging Strike 1-1: Foul Ball, location: 2F 1-2: Ball 2-2: Strikes out looking
|
Batting: LHB Tony Vitela
|
0-0: Ball Luis Reyes steals 2nd base 1-0: Ball 2-0: Ball 3-0: Called Strike 3-1: Called Strike 3-2: SINGLE (Groundball, 56D, EV 109.4 MPH) Luis Reyes to third Runner from 3rd tries for Home, SAFE, throw by LF to home
|
Batting: RHB Selam Chimsima
|
0-0: Called Strike Tony Vitela steals 2nd base 0-1: Swinging Strike 0-2: Strikes out swinging
|
Batting: LHB Rodrigo Briceno
|
0-0: Ball 1-0: Ball 2-0: Ball 3-0: Base on Balls
|
Batting: RHB Jamie Ogilvie
|
0-0: Ball 1-0: Swinging Strike 1-1: Foul Ball, location: 2F 1-2: Foul Ball, location: 2F 1-2: Strikes out swinging
|
Bottom of the 7th over - 1 run, 1 hit, 0 errors, 2 left on base; Los Angeles (NYP) 1 - Vancouver 7 |
TOP OF THE 8TH |
Los Angeles (NYP) Angels batting - Pitching for Vancouver Canadians : RHP Kenishi Tanaka
|
Now in LF: Dan Hilyer
|
|
Now in CF: Ron de Vos
|
|
Batting: RHB Arnaud Derosiers
|
0-0: Ball 1-0: Ball 2-0: Called Strike 2-1: Ball 3-1: Base on Balls
|
Batting: RHB Dean LeCroy
|
0-0: SINGLE (Groundball, 25, EV 74.4 MPH) (infield hit) Arnaud Derosiers to second
|
Batting: LHB Bill Girton
|
0-0: Foul Ball, location: 2F 0-1: Swinging Strike 0-2: Foul Ball, location: 2F 0-2: Strikes out swinging
|
Batting: RHB Aaron Bryant
|
0-0: Ball 1-0: Called Strike 1-1: Called Strike 1-2: Fly out, F9 (Flyball, 9, EV 95.6 MPH)
|
Batting: SHB Yuya Hirata
|
0-0: Called Strike 0-1: Ball 1-1: Ball 2-1: Called Strike 2-2: Foul Ball, location: 2F 2-2: Strikes out looking
|
Top of the 8th over - 0 runs, 1 hit, 0 errors, 2 left on base; Los Angeles (NYP) 1 - Vancouver 7 |
BOTTOM OF THE 8TH |
Vancouver Canadians batting - Pitching for Los Angeles (NYP) Angels : RHP Troy Ingram
|
Batting: LHB Chris Munguia
|
0-0: Called Strike 0-1: Called Strike 0-2: SINGLE (Line Drive, 78S, EV 90.6 MPH)
|
Batting: RHB John Rios
|
0-0: Called Strike Chris Munguia is caught stealing 2nd base 2-4 0-1: Ball 1-1: SINGLE (Groundball, P, EV 88.1 MPH) (infield hit)
|
Pitching: LHP Yee Koh
|
|
Batting: RHB Dan Hilyer
|
0-0: Foul Ball, location: 2F 0-1: Ball 1-1: Called Strike 1-2: Strikes out looking
|
Batting: RHB Luis Reyes
|
0-0: Called Strike 0-1: Ground out 5-3 (Groundball, 56S, EV 70.6 MPH)
|
Bottom of the 8th over - 0 runs, 2 hits, 0 errors, 1 left on base; Los Angeles (NYP) 1 - Vancouver 7 |
TOP OF THE 9TH |
Los Angeles (NYP) Angels batting - Pitching for Vancouver Canadians : RHP Kenishi Tanaka
|
Now in LF: Jose Ontiveros
|
|
Now in RF: Dan Hilyer
|
|
Batting: RHB Wilford Harper
|
0-0: Foul Ball, location: 2F 0-1: Foul Ball, location: 2F 0-2: Ball 1-2: Ground out 3-1 (Groundball, 34S, EV 61.9 MPH)
|
Batting: RHB David Rhodes
|
0-0: Swinging Strike 0-1: Ball 1-1: Ball 2-1: SINGLE (Groundball, 56D, EV 95.0 MPH)
|
Batting: RHB Ron Major
|
0-0: Ball 1-0: Foul Ball, location: 2F 1-1: Ball 2-1: Grounds into double play, 6-4-3 (Groundball, 6, EV 84.4 MPH)
|
Top of the 9th over - 0 runs, 1 hit, 0 errors, 0 left on base; Los Angeles (NYP) 1 - Vancouver 7 |
|